 Dungeon Sprint DCSS version 0.27-a0-550-ge92ec0ca06 (webtiles) character file.

Game seed: 8874567063725939702

1 rocky1 the Digger (level 1, -2/11 HPs)
             Began as an Octopode Earth Elementalist on Mar 8, 2021.
             Was an Initiate of Sif Muna.
             Slain by a river rat (5 damage)
             ... in the Dungeon (Sprint VII: "The Pits").
             The game lasted 00:00:39 (68 turns).

rocky1 the Digger (Octopode Earth Elementalist)       Turns: 68, Time: 00:00:40

Health: -2/11      AC:  1    Str:  7    XL:     1   Next: 20%
Magic:  2/3        EV: 13    Int: 17    God:    Sif Muna [......]
Gold:   0          SH:  0    Dex: 12    Spells: 3/4 levels left

rFire    . . .     SeeInvis .   k - +2 quarterstaff
rCold    . . .     Faith    .   (shield currently unavailable)
rNeg     . . .     Spirit   .   (helmet restricted)
rPois    .         Reflect  .   (no amulet)
rElec    .         Harm     .   (no ring)
rCorr    .         Rampage  .   (no ring)
Will     .....     NoTele   +   (no ring)
Stlth    +++.......             (no ring)
HPRegen  0.03/turn              (no ring)
MPRegen  0.08/turn              (no ring)
                                (no ring)
                                (no ring)

@: no status effects
A: almost no armour, amphibious, 8 rings, constrict 8, camouflage 1, gelatinous
body 1, nimble swimmer 1
a: Renounce Religion


You were in the Dungeon.
You worshipped Sif Muna.
Sif Muna was noncommittal.
You visited 1 branch

Inventory:

Hand Weapons
 k - a +2 quarterstaff (weapon)
Missiles
 b - 36 stones
Scrolls
 h - a scroll of blinking
 i - 5 scrolls of amnesia
 j - a scroll of summoning
Potions
 a - 2 potions of invisibility
 c - a potion of curing
 e - a potion of haste
 f - 3 potions of magic
 g - 3 potions of berserk rage


   Skills:
 - Level 2.0 Dodging
 - Level 2.6 Stealth
 - Level 2.0 Spellcasting
 - Level 1.0 Transmutations
 + Level 3.7 Earth Magic


You had 3 spell levels left.
You knew the following spells:

 Your Spells              Type           Power      Damage    Failure   Level
a - Sandblast             Erth           28%        2d8       4%          1

Your spell library contained the following spells:

 Spells                   Type           Power      Damage    Failure   Level
 Passwall                 Tmut/Erth      7%         N/A       11%         2
 Stone Arrow              Conj/Erth      16%        3d8       26%         3
 Petrify                  Tmut/Erth      9%         N/A       58%         4
 Lee's Rapid Deconstruct  Erth           7%         3d7*      75%         5


Dungeon Overview and Level Annotations

Branches:
Dungeon (1/1)

Altars:
Ashenzari
Cheibriados
Dithmenos
Elyvilon
Fedhas
Gozag
Hepliaklqana
Kikubaaqudgha
Makhleb
Nemelex Xobeh
Okawaru
Qazlal
Ru
Sif Muna
Trog
Uskayaw
Vehumet
Wu Jian
Xom
Yredelemnul
Zin
The Shining One
Beogh
Jiyva
Lugonu


Innate Abilities, Weirdness & Mutations

You cannot wear most types of armour.
You are amphibious.
You can wear up to eight rings at the same time.
You can use your tentacles to constrict eight enemies at once.
Your skin changes colour to match your surroundings (Stealth+).
Your rubbery body absorbs attacks. (AC +1, EV +1)
You are stealthy while swimming. (Stealth+)


Message History

Press: ? - help, Shift-Dir - straight line, f - river rat
Aim: a river rat (asleep, 0% to evade)
The blast of sand hits the river rat.
The river rat is lightly wounded.
The jackal barks! x2
Unknown command.
Casting: Sandblast (safe; 4% risk of failure)
Confirm with . or Enter, or press ? or * to list all spells.
Aiming: Sandblast (safe; 4% risk of failure)
Press: ? - help, Shift-Dir - straight line, f/p - river rat
Aim: a river rat (lightly wounded, 23% to evade)
The blast of sand hits the river rat.
The river rat is moderately wounded.
The river rat barely misses you.
Unknown command.
Casting: Sandblast (safe; 4% risk of failure)
Confirm with . or Enter, or press ? or * to list all spells.
Aiming: Sandblast (safe; 4% risk of failure)
Press: ? - help, Shift-Dir - straight line, f/p - river rat
Aim: a river rat (moderately wounded, 23% to evade)
The blast of sand hits the river rat.
The river rat is severely wounded.
The river rat bites you!
Ouch! That really hurt!
* * * LOW HITPOINT WARNING * * *
You feel much better. The river rat bites you!
Ouch! That really hurt!
Unknown command.
Magic courses through your body. The river rat bites you.
* * * LOW HITPOINT WARNING * * *
Unknown command.
Casting: Sandblast (safe; 4% risk of failure)
Confirm with . or Enter, or press ? or * to list all spells.
Aiming: Sandblast (safe; 4% risk of failure)
Press: ? - help, Shift-Dir - straight line, f/p - river rat
Aim: a river rat (severely wounded, 23% to evade)
The blast of sand hits the river rat but does no damage.
The river rat is severely wounded.
The river rat bites you.
You die...

########### _________.#
_________.#
_______...###########++
##########'##...........
#.?..')))'.##......#..#.
##########.##...........
#......@..†.'...........
#+#####r#####......#..#.
#h# #........... #h#
####'#####++ +.#
#.......# ### #.......#
#.......# #...<...#
#.......#


You could see a river rat and 2 jackals.

Vanquished Creatures
  A quokka (D)
1 creature vanquished.

Notes
Turn   | Place    | Note
-------+----------+-------------------------------------------
     0 | D        | rocky1 the Octopode Earth Elementalist began the quest for
                  | the Orb.
     0 | D        | Reached XP level 1. HP: 11/11 MP: 3/3
    45 | D        | Found a bloodstained altar of Trog.
    45 | D        | Found a shimmering blue altar of Sif Muna.
    45 | D        | Found a viscous altar of Jiyva.
    45 | D        | Found a hazy altar of Hepliaklqana.
    45 | D        | Found an opulent altar of Gozag.
    46 | D        | Found a glowing golden altar of the Shining One.
    46 | D        | Found a glowing silver altar of Zin.
    46 | D        | Found a basalt altar of Yredelemnul.
    46 | D        | Found a shimmering altar of Xom.
    46 | D        | Found an ornate altar of the Wu Jian Council.
    46 | D        | Found a sacrificial altar of Ru.
    46 | D        | Found a stormy altar of Qazlal.
    46 | D        | Found an iron altar of Okawaru.
    46 | D        | Found a sparkling altar of Nemelex Xobeh.
    46 | D        | Found a burning altar of Makhleb.
    46 | D        | Found a blossoming altar of Fedhas.
    46 | D        | Found a white marble altar of Elyvilon.
    46 | D        | Found a shadowy altar of Dithmenos.
    46 | D        | Found a snail-covered altar of Cheibriados.
    48 | D        | Found a radiant altar of Vehumet.
    48 | D        | Found a corrupted altar of Lugonu.
    49 | D        | Found a hide-covered altar of Uskayaw.
    49 | D        | Found an ancient bone altar of Kikubaaqudgha.
    49 | D        | Found a broken altar of Ashenzari.
    51 | D        | Became a worshipper of Sif Muna the Loreminder
    68 | D        | Slain by a river rat

Illustrated notes

Levels and vault maps discovered:
D:        pitsprint [storerooms_1, entrance_room_1, metal_vault_2, armoury_3,
          mini_pit_1, grid_room_1, main_hall_1, silver_pit, the_coven_2,
          the_vestibule_1, steel_vault_3, golden_pit, hallway_of_sentries,
          crystal_vault_4, iron_vault_1, final_vault]

Action                   || total
-------------------------++-------
Melee: Unarmed           ||     3
       Tentacles         ||     1
 Cast: Sandblast         ||     4
  Use: Potion            ||     2
 Stab: Sleeping          ||     1
Armor: Skin              ||     1
Dodge: Dodged            ||     3

Table legend: (Time is in decaauts)
 A = Elapsed time spent in this place.
 B = Non-inter-level travel time spent in this place.
 C = Inter-level travel time spent in this place.
 D = Time resting spent in this place.
 E = Time spent auto-exploring this place.
 F = Levels seen in this place.
 G = Mean time per level.
                   A        B        C        D        E       F      G
               +--------+--------+--------+--------+--------+-----+--------+
         Total |     67 |     67 |      0 |      0 |      0 |   1 |   67.0 |
       Dungeon |     67 |     67 |      0 |      0 |      0 |   1 |   67.0 |
               +--------+--------+--------+--------+--------+-----+--------+

Top non-repeatable levels by time:
       D: 67 daAuts
